 Dungeon Crawl Stone Soup version 0.28-a0-1117-g0bdd5ba030 (webtiles) character file.

Game seed: 7941598645364353776

165 bande the Covered (level 5, -4/33 HPs)
             Began as a Gargoyle Fighter on Dec 12, 2021.
             Slain by an ogre (25 damage)
             ... on level 3 of the Dungeon.
             The game lasted 00:03:10 (3139 turns).

bande the Covered (Gargoyle Fighter)                Turns: 3139, Time: 00:03:11

Health: -4/33      AC: 11    Str: 20    XL:     5   Next: 46%
Magic:  5/5        EV:  9    Int:  8    God:
Gold:   60         SH:  4    Dex: 11    Spells: 4/4 levels left

rFire   . . .      SeeInvis .   a - +0 war axe
rCold   . . .      Faith    .   c - +0 buckler
rNeg    + . .      Spirit   .   b - +0 scale mail
rPois   ∞          Reflect  .   (no helmet)
rElec   +          Harm     .   (no cloak)
rCorr   .          Rampage  .   (no gloves)
Will    .....                   (no boots)
Stlth   ..........              (no amulet)
HPRegen 0.11/turn               (no ring)
MPRegen 0.09/turn               (no ring)

@: no status effects
A: sickness immunity, AC +4, negative energy resistance 1, electricity
resistance, torment resistance 1, petrification resistance
a: no special abilities


You were on level 3 of the Dungeon.
You visited 1 branch of the dungeon, and saw 3 of its levels.

You collected 60 gold pieces.

Inventory:

Hand Weapons
 a - a +0 war axe (weapon)
Armour
 b - a +0 scale mail (worn)
 c - a +0 buckler (worn)
Jewellery
 e - an amulet of guardian spirit
Scrolls
 g - a scroll of immolation {unknown}
Potions
 d - a potion of might
 f - a potion of haste
 h - 2 potions of attraction {unknown}
 i - a potion of degeneration {unknown}


   Skills:
 + Level 4.1 Fighting
 + Level 3.6 Axes
 + Level 4.1 Armour
 - Level 0.1 Dodging
 + Level 3.7 Shields


You had 4 spell levels left.
You didn't know any spells.
Your spell library was empty.

Dungeon Overview and Level Annotations

Branches:
Dungeon (3/15)

Altars:
Hepliaklqana

Annotations:
D:3 1 runed translucent door, 2FriedEggs's ghost, weakling HOMo


Innate Abilities, Weirdness & Mutations

You are immune to sickness and miasma.
Your stone body is resilient. (AC +4)
You are immune to poison.
You resist negative energy. (rN+)
You are resistant to electric shocks. (rElec)
You are resistant to unholy torment.
You are immune to petrification.


Message History

The jackal bites you but does no damage.
The jackal barely misses you.
You slash the jackal!
You kill the jackal!
You barely miss the jackal. You hit the jackal.
You kill the jackal!
You hit the jackal.
You kill the jackal!
The jackal bites you but does no damage.
You block the jackal's attack.
You closely miss the jackal.
The jackal bites you but does no damage.
The jackal closely misses you.
You hit the jackal but do no damage. The jackal closely misses you.
The jackal bites you but does no damage.
You closely miss the jackal. You block the jackal's attack. x2
You hit the jackal.
You kill the jackal!
No target in view!
No target in view!
No target in view!
No target in view!
No target in view!
HP restored.
You see here a jackal corpse.
h - 2 blue potions (gained 1)
You now have 60 gold pieces (gained 8).
An ogre comes into view. It is wielding a +0 giant club.
An ogre is nearby!
You hit the ogre.
The ogre is lightly wounded.
The ogre hits you with a +0 giant club!
You closely miss the ogre.
The ogre is lightly wounded.
The ogre hits you with a +0 giant club.
You hit the ogre.
The ogre is lightly wounded.
The ogre hits you with a +0 giant club!!
Ouch! That really hurt!
You die...

..#####..########.
#.....#))?#...........
#.....#?[(#..########.
.....#!:?#..# #......
....#####..# #......
..........# #......
.........# ######.
#O#####.## #.
#########@# #.# #.
#.........#####.######
#.
#(...................#
#.
#.........#####.####.#
#. #.........# #.# #.#
#. #.........# ##.##
#.# #. #.........#
#...# #.# ##.
#.††......# #...# #.#
#.. #.........# #...#
#.# #..


You could see an ogre.

Vanquished Creatures
  An orc priest (D:3)
  An orc wizard (D:3)
  4 adders
  2 worms
  3 dart slugs (D:1)
  6 orcs (D:3)
  4 endoplasms
  A giant cockroach (D:1)
  4 goblins
  A hobgoblin (D:3)
  7 jackals
  3 quokkas (D:1)
  3 ball pythons
  3 bats
  2 frilled lizards
  9 kobolds
  4 rats
58 creatures vanquished.

Notes
Turn   | Place    | Note
-------+----------+-------------------------------------------
     0 | D:1      | bande the Gargoyle Fighter began the quest for the Orb.
     0 | D:1      | Reached XP level 1. HP: 14/14 MP: 1/1
    98 | D:1      | Reached XP level 2. HP: 19/19 MP: 2/2
   186 | D:1      | Found a faded altar of an unknown god.
   650 | D:1      | Reached XP level 3. HP: 15/23 MP: 3/3
  1338 | D:2      | Reached XP level 4. HP: 12/29 MP: 4/4
  1565 | D:2      | Found a hazy altar of Hepliaklqana.
  2276 | D:3      | Reached XP level 5. HP: 17/33 MP: 5/5
  2915 | D:3      | Found a runed translucent door.
  2918 | D:3      | Noticed 2FriedEggs's ghost (weakling HOMo)
  2946 | D:3      | Found a faded altar of an unknown god.
  3131 | D:3      | Noticed an ogre
  3139 | D:3      | Slain by an ogre

Illustrated notes

Levels and vault maps discovered:
D:1:      dpeg_arrival_windows_large_door, layout_basic,
          shapermc_ecumenical_altar_notcrosses
D:2:      layout_rooms, basic_altar, minmay_misc_feat_ornament
D:3:      layout_basic, nicolae_overflow_ecumenical_swirl, serial_glass,
          glass_columns_a, glass_columns_a, glass_columns_a, glass_columns_a,
          glass_columns_a, glass_columns_c, due_unseen_surprise,
          ebering_ghost_reflecting_pool, nicolae_elevator_lobby_asterisk

Skill      XL: |  1  2  3  4  5 |
---------------+----------------+-----
Axes           | 2 3 |  3.6
Armour         | 4 |  4.1
Fighting       | 4 |  4.1
Dodging        | |  0.1
Shields        | |  3.7

Action                   |  1- 3 |  4- 6 || total
-------------------------+-------+-------++-------
Melee: War axe           |    94 |    85 ||   179
  Use: Scroll            |     2 |     3 ||     5
Armor: Scale mail        |    68 |    54 ||   122
Dodge: Dodged            |    43 |    36 ||    79
Block: Buckler           |    28 |    11 ||    39

Table legend: (Time is in decaauts)
 A = Elapsed time spent in this place.
 B = Non-inter-level travel time spent in this place.
 C = Inter-level travel time spent in this place.
 D = Time resting spent in this place.
 E = Time spent auto-exploring this place.
 F = Levels seen in this place.
 G = Mean time per level.
                   A        B        C        D        E       F      G
               +--------+--------+--------+--------+--------+-----+--------+
         Total |   3205 |   3173 |     32 |    872 |   1857 |   3 | 1068.3 |
       Dungeon |   3205 |   3173 |     32 |    872 |   1857 |   3 | 1068.3 |
               +--------+--------+--------+--------+--------+-----+--------+

Top non-repeatable levels by time:
     D:1: 1203 daAuts
     D:3: 1183 daAuts
     D:2: 819 daAuts
